AoeStats
← 河北彩花

Arena

510049378Analyzed
4v4 RM · 3d ago on Sep 29, 2026· 38m 48s· 8 players
Game mode
Random Map
Map size
Large (8 player)
Population
200
Speed
Normal
Resources
Standard
Victory
Conquest
Starting age
Dark Age
Ending age
Imperial Age
RankedLock teamsTeams togetherTeam positionsShared explorationLock speedFull tech treeHidden civsTurbo modeCheats
Victory
Defeat
🇨🇳 Bulgarians · China
1348
+11
🇨🇳 Cumans · China
1298
+13
🇨🇳 Turks · China
1291
+14
🇦🇷 Vietnamese · Argentina
1288
+14
🇨🇳 Bohemians · China
1285
-14
🇹🇼 Gurjaras · Taiwan
1277
-14
🇲🇴 Cumans · Macao SAR China
1228
-13
🇨🇳 Franks · China
1183
-11
鐵之貝克
2:29 Loom
10:01 Feudal Age
16:31 Castle Age
14:53 Horse Collar
15:50 Scale Barding Armor
16:20 Bloodlines
17:03 Forging
25:56 Iron Casting
25:42 Double-Bit Axe
30:46 Husbandry
31:26 Fletching
34:11 Wheelbarrow
33:36 Gold Mining
33:14 Elite Skirmisher
34:00 Bodkin Arrow
37:59 Imperial Age
34:59 Crossbowman
35:46 Padded Archer Armor
36:23 Kshatriyas
37:08 Thumb Ring
38:56 Bracer
40:19 Chemistry
河北彩花
0:51 Loom
9:42 Feudal Age
11:45 Double-Bit Axe
13:05 Wheelbarrow
12:15 Horse Collar
19:55 Castle Age
18:15 Stone Mining
18:37 Gold Mining
20:44 Fletching
21:34 Hand Cart
21:26 Town Watch
21:51 Heavy Plow
24:38 Bodkin Arrow
28:00 Imperial Age
26:11 Thumb Ring
26:55 Ballistics
26:57 Padded Archer Armor
27:17 Bow Saw
27:49 Gold Shaft Mining
29:22 Bloodlines
29:30 Leather Archer Armor
29:38 Conscription
30:18 Parthian Tactics
30:01 Scale Barding Armor
30:48 Elite Kipchak
32:58 Ring Archer Armor
33:52 Chemistry
32:56 Light Cavalry
33:52 Cuman Mercenaries
33:58 Cuman Mercenaries
34:44 Chain Barding Armor
34:50 Steppe Husbandry
34:42 Hussar
36:15 Plate Barding Armor
37:41 Forging
别那么骚
7:44 Loom
12:15 Feudal Age
14:10 Double-Bit Axe
16:44 Castle Age
18:23 Wheelbarrow
17:46 Gold Mining
20:29 Bow Saw
26:08 Hand Cart
29:00 Imperial Age
27:23 Gold Shaft Mining
26:44 Stone Mining
27:25 Husbandry
27:31 Scale Barding Armor
27:37 Forging
27:27 Scale Mail Armor
29:09 Chain Barding Armor
30:07 Iron Casting
29:49 Cavalier
31:18 Plate Barding Armor
31:42 Chain Mail Armor
31:46 Chivalry
32:06 Conscription
31:20 Ordonnance Companies
32:35 Paladin
34:22 Blast Furnace
你好骚啊
10:37 Feudal Age
14:33 Castle Age
12:34 Double-Bit Axe
12:30 Horse Collar
15:55 Bow Saw
19:53 Fervor
23:07 Wheelbarrow
22:37 Heavy Plow
24:36 Hand Cart
25:23 Loom
28:25 Imperial Age
27:31 Chemistry
26:24 Fletching
26:35 Padded Archer Armor
27:10 Scale Mail Armor
27:21 Forging
28:29 Squires
28:14 Arson
27:50 Pikeman
28:47 Chain Mail Armor
29:03 Bodkin Arrow
29:45 Bracer
30:11 Fortified Wall
30:39 Iron Casting
_TY_梦涯
11:07 Feudal Age
11:43 Double-Bit Axe
12:03 Horse Collar
14:55 Castle Age
13:39 Wheelbarrow
15:59 Bow Saw
15:50 Heavy Plow
19:18 Hand Cart
22:19 Gold Mining
24:02 Gold Shaft Mining
27:08 Imperial Age
25:09 Scale Mail Armor
25:19 Forging
26:00 Chain Mail Armor
25:41 Pikeman
26:21 Squires
26:07 Arson
26:08 Gambesons
27:35 Iron Casting
27:19 Capped Ram
28:46 Plate Mail Armor
29:17 Blast Furnace
28:03 Loom
28:56 Siege Ram
32:52 Halberdier
34:16 Crop Rotation
37:49 Coinage
CYJ8564
2:19 Loom
11:26 Feudal Age
15:34 Castle Age
14:04 Double-Bit Axe
14:01 Horse Collar
19:23 Bow Saw
20:10 Heavy Plow
24:28 Wheelbarrow
26:25 Forging
26:16 Scale Mail Armor
26:13 Gold Mining
26:14 Stone Mining
28:02 Chain Mail Armor
31:54 Imperial Age
29:40 Hand Cart
28:54 Pikeman
29:35 Squires
30:12 Iron Casting
32:01 Stone Shaft Mining
32:12 Coinage
33:08 Plate Mail Armor
32:05 Halberdier
33:48 Banking
34:41 Two-Man Saw
34:12 Crop Rotation
36:06 Chemistry
34:47 Treadmill Crane
36:11 Chemistry
37:00 Padded Archer Armor
36:51 Fletching
36:52 Elite Skirmisher
37:42 Thumb Ring
38:24 Chatras
38:47 Paper Money
胡乱敲键盘
12:15 Feudal Age
12:58 Double-Bit Axe
15:46 Castle Age
20:27 Imperial Age
36:03 Wheelbarrow
35:14 Loom
37:58 Heavy Cavalry Archer
39:05 Parthian Tactics
38:46 Thumb Ring
Honest威龙
10:43 Feudal Age
11:37 Double-Bit Axe
11:36 Horse Collar
14:54 Wheelbarrow
20:45 Castle Age
19:56 Stone Mining
21:54 Bow Saw
22:21 Hand Cart
23:46 Heavy Plow
26:31 Gold Mining
27:11 Forging
31:23 Imperial Age
29:30 Iron Casting
30:00 Gold Shaft Mining
30:08 Ballistics
30:28 Scale Barding Armor
30:39 Bloodlines
31:10 Steppe Husbandry
33:07 Two-Man Saw
32:46 Conscription
32:56 Chain Barding Armor
33:39 Blast Furnace
33:53 Plate Barding Armor
33:19 Padded Archer Armor
33:09 Fletching
33:07 Elite Steppe Lancer
35:50 Bodkin Arrow
Connection lost

Rejoining the realm…

Still unreachable

The connection could not be restored.

Session expired

The server has moved on; the page needs a fresh start.